AoeStats
← 海峡

Black Forest

507685928Analyzed
4v4 RM · 14d ago on Sep 19, 2026· 43m 19s· 8 players
Game mode
Random Map
Map size
Large (8 player)
Population
200
Speed
Normal
Resources
Standard
Victory
Conquest
Starting age
Dark Age
Ending age
Imperial Age
RankedLock teamsTeams togetherTeam positionsShared explorationLock speedFull tech treeHidden civsTurbo modeCheats
Victory
Defeat
🇨🇳 Berbers · China
1445
+13
🇹🇼 Persians · Taiwan
1381
+16
🇹🇼 Vietnamese · Taiwan
1309
+19
🇨🇳 Romans · China
1245
+21
🇰🇷 Japanese · South Korea
1501
-22
🇰🇷 Britons · South Korea
1446
-20
🇨🇭 Hindustanis · Switzerland
1300
-14
🇰🇷 Bulgarians · South Korea
1269
-13
海峡
11:02 Feudal Age
11:35 Double-Bit Axe
12:19 Horse Collar
14:54 Castle Age
13:50 Forging
14:49 Gold Mining
16:07 Bow Saw
18:44 Forging
18:51 Heavy Plow
21:02 Wheelbarrow
27:00 Loom
27:30 Scale Barding Armor
28:17 Husbandry
29:09 Hand Cart
29:34 Gold Shaft Mining
29:14 Stone Mining
29:21 Town Watch
33:35 Imperial Age
31:49 Stone Shaft Mining
31:50 Iron Casting
31:35 Chain Barding Armor
32:06 Chain Barding Armor
32:00 Bloodlines
32:27 Ballistics
32:55 Masonry
33:43 Heavy Camel Rider
35:02 Plate Barding Armor
35:07 Crop Rotation
35:45 Blast Furnace
37:00 Coinage
37:25 Town Patrol
37:28 Treadmill Crane
38:23 Banking
40:41 Light Cavalry
41:54 Hussar
42:18 Cavalier
ggsadpom,sdf
10:55 Feudal Age
14:42 Castle Age
12:45 Double-Bit Axe
12:42 Horse Collar
16:43 Loom
21:57 Wheelbarrow
21:21 Town Watch
28:15 Imperial Age
26:11 Scale Barding Armor
26:36 Forging
27:20 Bow Saw
27:42 Chain Barding Armor
28:01 Bloodlines
27:51 Husbandry
28:27 Iron Casting
27:56 Cavalier
29:19 Heavy Plow
30:02 Plate Barding Armor
30:19 Gold Mining
30:20 Stone Mining
31:31 Blast Furnace
31:16 Savar
33:00 Conscription
33:10 Fletching
33:42 Ballistics
34:22 Chemistry
34:00 Hoardings
34:52 Capped Ram
35:44 Light Cavalry
35:56 Siege Ram
36:50 Caravan
39:55 Hussar
41:07 Coinage
jay155047
1:18 Loom
14:47 Feudal Age
19:12 Castle Age
17:53 Double-Bit Axe
21:49 Bow Saw
21:22 Horse Collar
23:10 Fortified Wall
27:38 Stone Mining
28:06 Heavy Plow
29:12 Wheelbarrow
30:14 Gold Mining
32:32 Fletching
33:18 Bodkin Arrow
34:34 Padded Archer Armor
34:59 Ballistics
35:00 Thumb Ring
39:50 Imperial Age
40:14 Caravan
40:38 Bracer
40:01 Elite Rattan Archer
43:22 Chemistry
42:38 Leather Archer Armor
43:13 Crop Rotation
冰石戟
0:46 Loom
11:23 Feudal Age
15:21 Castle Age
13:29 Double-Bit Axe
13:35 Horse Collar
28:29 Wheelbarrow
28:50 Gold Mining
29:12 Bow Saw
30:55 Hand Cart
34:25 Imperial Age
33:17 Gold Shaft Mining
32:33 Stone Mining
32:33 Pikeman
33:13 Squires
34:13 Ballistas
34:13 Scale Mail Armor
35:17 Ballistics
35:12 Heavy Plow
35:20 Halberdier
36:39 Chain Mail Armor
35:57 Heavy Scorpion
38:09 Chemistry
37:14 Siege Engineers
36:56 Capped Ram
38:23 Siege Ram
40:16 Siege Ram
41:37 Forging
42:11 Guilds
optional_cookie
10:49 Feudal Age
11:51 Double-Bit Axe
14:21 Castle Age
12:50 Horse Collar
15:27 Bow Saw
20:41 Scale Barding Armor
22:28 Forging
27:16 Chain Barding Armor
27:49 Bloodlines
27:40 Husbandry
31:06 Imperial Age
30:04 Wheelbarrow
29:15 Loom
30:15 Heavy Plow
31:24 Devotion
33:01 Chemistry
32:40 Plate Barding Armor
31:32 Heavy Camel Rider
34:04 Iron Casting
35:31 Blast Furnace
36:39 Imperial Camel Rider
38:19 Siege Engineers
41:38 Hand Cart
43:28 Caravan
남조선사람
0:50 Loom
13:19 Feudal Age
17:31 Castle Age
16:30 Double-Bit Axe
16:59 Horse Collar
18:15 Fletching
19:56 Bodkin Arrow
21:36 Padded Archer Armor
25:50 Wheelbarrow
31:51 Imperial Age
30:56 Hand Cart
32:43 Bracer
33:21 Pikeman
34:03 Scale Mail Armor
34:42 Crossbowman
34:50 Elite Skirmisher
36:42 Halberdier
38:03 Ballistics
38:24 Chain Mail Armor
38:20 Forging
38:12 Squires
38:01 Halberdier
BaniWang
0:38 Loom
12:30 Feudal Age
14:03 Man-at-Arms
19:01 Horse Collar
19:19 Double-Bit Axe
23:05 Wheelbarrow
27:52 Castle Age
26:04 Gold Mining
26:09 Stone Mining
29:44 Bow Saw
29:41 Heavy Plow
29:20 Pikeman
30:01 Squires
32:00 Hand Cart
34:51 Imperial Age
32:59 Gold Shaft Mining
32:30 Yasama
33:08 Treadmill Crane
33:54 Fletching
34:01 Guard Tower
34:37 Bodkin Arrow
35:18 Ballistics
35:37 Forging
35:43 Arrowslits
36:27 Conscription
36:26 Bracer
37:44 Two-Man Saw
39:28 Chemistry
40:02 Murder Holes
41:42 Iron Casting
41:07 Scale Mail Armor
41:51 Keep
42:49 Kataparuto
42:33 Halberdier
43:31 Chain Mail Armor
Goembal
0:30 Loom
10:45 Feudal Age
11:11 Double-Bit Axe
16:44 Castle Age
15:19 Horse Collar
17:59 Bow Saw
23:33 Heavy Plow
23:51 Stone Mining
26:12 Wheelbarrow
25:23 Town Watch
25:33 Town Watch
26:27 Stone Shaft Mining
26:10 Gold Mining
27:56 Gold Shaft Mining
27:30 Scale Mail Armor
27:41 Forging
31:20 Imperial Age
29:07 Hand Cart
29:47 Chain Mail Armor
30:01 Pikeman
30:41 Squires
31:22 Iron Casting
31:05 Gambesons
31:05 Arson
31:26 Onager
31:53 Halberdier
33:21 Plate Mail Armor
32:22 Capped Ram
33:17 Siege Ram
35:01 Blast Furnace
34:31 Conscription
35:48 Heavy Scorpion
36:49 Ballistics
38:24 Chemistry
38:58 Fletching
41:02 Bodkin Arrow
Connection lost

Rejoining the realm…

Still unreachable

The connection could not be restored.

Session expired

The server has moved on; the page needs a fresh start.